 Dungeon Crawl Stone Soup version 0.29-a0-275-g389c0b56f3 (webtiles) character file.

Game seed: 17934947323622143511

3849 sokol815 the Covert (level 10, -5/63 HPs)
             Began as an Octopode Delver on Mar 11, 2022.
             Was an Initiate of Gozag.
             Slain by a cane toad (16 damage)
             ... on level 1 of the Lair of Beasts.
             The game lasted 00:30:31 (11473 turns).

sokol815 the Covert (Octopode Delver)              Turns: 11473, Time: 00:30:32

Health: -5/63      AC:  1    Str: 13    XL:     10   Next: 18%
Magic:  10/10      EV: 17    Int: 16    God:    Gozag
Gold:   727        SH:  5    Dex: 13    Spells: 6/9 levels left

rFire   x . .      SeeInvis .   a - +1 dagger (elec)
rCold   + . .      Faith    .   (no shield)
rNeg    . . .      Spirit   .   (helmet restricted)
rPois   +          Reflect  +   j - amulet of reflection
rElec   .          Harm     .   c - ring of ice {rC+, rF-}
rCorr   .          Rampage  .   e - ring of poison resistance {rPois, !d}
Will    +....                   W - ring of willpower
Stlth   ++++++....              x - +4 ring of evasion
HPRegen 0.20/turn               (no ring)
MPRegen 0.12/turn               (no ring)
                                (no ring)
                                (no ring)

@: gold aura
A: almost no armour, amphibious, 8 rings, camouflage 1, gelatinous body 1,
(nimble swimmer 1), tentacles
a: Renounce Religion, Potion Petition, Call Merchant, Bribe Branch


You were on level 1 of the Lair of Beasts.
You worshipped Gozag.
Gozag was pleased with you.
You visited 3 branches of the dungeon, and saw 10 of its levels.
You also visited: Ossuary.

You collected 1184 gold pieces.
You paid 457 gold pieces to Gozag.

Inventory:

Hand Weapons
 a - a +1 dagger of electrocution (weapon)
   (You took it off an orc on level 3 of the Dungeon)
 m - a +2 falchion of protection
   (You took it off Eustachio on level 6 of the Dungeon)
 n - a +0 long sword of electrocution
   (You took it off Blork the orc on level 6 of the Dungeon)
 o - a +0 hand crossbow
   (You took it off a kobold on level 7 of the Dungeon)
 u - a +5 great sword of freezing
   (You took it off a wight on level 8 of the Dungeon)
 w - a +0 trident
   (You took it off an orc warrior on level 8 of the Dungeon)
 A - a +1 shortbow of freezing
   (You took it off a centaur on level 8 of the Dungeon)
Missiles
 f - 11 boomerangs
 g - 4 javelins
 s - 196 stones
 v - 22 poisoned darts
Magical Staves
 k - a staff of earth
   (You found it on level 3 of the Dungeon)
Jewellery
 c - a ring of ice (left tentacle) {rC+, rF-}
   (You found it on level 4 of the Dungeon)
 e - a ring of poison resistance (right tentacle) {rPois, !d}
   (You found it on level 6 of the Dungeon)
 j - an amulet of reflection (around mantle)
   (You found it on level 2 of the Dungeon)
 x - a +4 ring of evasion (on tentacle)
   (You found it on level 6 of the Dungeon)
 W - a ring of willpower (on tentacle)
   (You found it on level 7 of the Dungeon)
Wands
 d - a wand of digging (9)
 i - a wand of iceblast (4)
   (You found it on level 8 of the Dungeon)
Scrolls
 b - 2 scrolls of fog
 E - a scroll of fear
 K - 3 scrolls of immolation {!r}
 V - 2 scrolls of vulnerability {!r!r}
 X - a scroll of magic mapping {@r4!r}
 Y - 4 scrolls of teleportation {@r3}
Potions
 h - 2 potions of degeneration {unknown}
 l - a potion of magic {unknown}
 p - 2 potions of cancellation
 q - a potion of resistance {unknown}
 t - 2 potions of attraction {unknown}
 z - a potion of brilliance {unknown}
 G - a potion of ambrosia {!q}
 H - a potion of haste
 J - 3 potions of curing {@q1}
 P - 3 potions of lignification {!q}
 U - 3 potions of mutation {!q}


   Skills:
 - Level 3.0 Fighting
 + Level 7.8 Short Blades
 - Level 2.0 Dodging
 - Level 12.0 Stealth
 + Level 6.9 Conjurations
 + Level 6.9 Earth Magic


You had 6 spell levels left.
You knew the following spells:

 Your Spells              Type           Power      Damage    Failure   Level
x - Stone Arrow           Conj/Erth      44%        3d9       4%          3

Your spell library contained the following spells:

 Spells                   Type           Power      Damage    Failure   Level
 Foxfire                  Conj/Fire      44%        2x1d6     6%          1
 Conjure Flame            Conj/Fire      11%        6-21      19%         3
 Scorch                   Fire           0%         2d5       36%         2
 Flame Wave               Conj/Fire      11%        2d5       52%         4
 Inner Flame              Hex/Fire       0%         N/A       58%         3
 Summon Cactus Giant      Summ           0%         N/A       100%        6
 Lehudib's Crystal Spear  Conj/Erth      11%        10d4      100%        8
 Animate Armour           Summ/Erth      Unusable   N/A       N/A         4

Dungeon Overview and Level Annotations

Branches:
Dungeon (8/15)             Temple (1/1) D:6            Lair (1/6) D:8
Ossuary (visited)

Altars:
Cheibriados
Gozag
Makhleb
Nemelex Xobeh
Okawaru
Qazlal
Ru
Sif Muna
Uskayaw
Wu Jian
Xom
Yredelemnul
Zin

Shops:
D:3 (   D:5 *[(!

Annotations:
D:5 exclusion: 2 doors


Innate Abilities, Weirdness & Mutations

You cannot wear most types of armour.
You are amphibious.
You can wear up to eight rings at the same time.
Your skin changes colour to match your surroundings (Stealth+).
Your rubbery body absorbs attacks. (AC +1, EV +1)
((You are camouflaged when in or above water. (Stealth+)))
You have tentacles for arms and can constrict up to eight enemies at once.


Message History

You hit the orc warrior but do no damage.
You constrict the orc warrior. The orc warrior closely misses you.
You hit the orc warrior but do no damage.
You squeeze the orc warrior.
You kill the orc warrior!
Things that are here:
6 gold pieces; a +0 battleaxe; a +0 chain mail
Found a staircase to the Lair.
There is a stone staircase leading up here.
You climb upwards.
There is a stone staircase leading down, spattered with blood here.
There is a stone staircase leading down here.
You climb downwards.
There is a stone staircase leading up here.
You now have 691 gold pieces (gained 6).
r - a scroll labelled QUESHU QOEMYMI
As you read the scroll labelled QUESHU QOEMYMI, it crumbles to dust.
You hear a loud clanging noise!
It was a scroll of noise.
You now have 697 gold pieces (gained 6).
Things that are here:
a +0 flail; a +0 leather armour
Things that are here:
a +0 robe; a +0 robe; a +0 mace You now have 708 gold pieces (gained 11).
You now have 715 gold pieces (gained 7).
You now have 721 gold pieces (gained 6).
Things that are here:
a +0 chain mail; a +0 battleaxe
There is an open door here.
There is a staircase to the Lair here.
You climb downwards.
Welcome to the Lair of Beasts!
There is a staircase back to the Dungeon here.
The helpless cane toad fails to defend itself.
You skewer the cane toad like a kebab!!!
You kill the cane toad!
You now have 727 gold pieces (gained 6).
A water moccasin comes into view.
Clearing quiver.
The water moccasin hisses angrily.
A cane toad comes into view.
The cane toad croaks.
The water moccasin bites you.
You take 3 damage, and have 60/63 hp.
The water moccasin attacks as you move away!
You block the water moccasin's attack.
You hit the water moccasin. Your grab misses the water moccasin.
You block the water moccasin's attack.
You hit the water moccasin but do no damage.
Your grab misses the water moccasin. The water moccasin closely misses you.
You hit the water moccasin. Your grab misses the water moccasin.
You squeeze the water moccasin. The water moccasin bites you.
You take 6 damage, and have 54/63 hp.
You closely miss the water moccasin. Your grab misses the water moccasin.
Your squeeze misses the water moccasin. You barely miss the water moccasin.
Your grab misses the water moccasin. The water moccasin barely misses you.
You hit the water moccasin. Your grab misses the water moccasin.
The water moccasin bites you.
You take 4 damage, and have 51/63 hp.
You closely miss the water moccasin. Your grab misses the water moccasin.
The water moccasin misses you.
You closely miss the water moccasin. Your grab misses the water moccasin.
You squeeze the water moccasin, but do no damage.
The water moccasin bites you.
You take 5 damage, and have 46/63 hp.
You hit the water moccasin but do no damage.
Lightning courses through the water moccasin!
Your grab misses the water moccasin. Your squeeze misses the water moccasin.
The cane toad closely misses you. The water moccasin bites you.
You take 5 damage, and have 41/63 hp.
You hit the water moccasin but do no damage.
Your grab misses the water moccasin. The cane toad barely misses you.
You hit the water moccasin. You grab the water moccasin.
You squeeze the water moccasin.
You kill the water moccasin!
The cane toad misses you.
You hit the cane toad. You grab the cane toad.
You squeeze the cane toad, but do no damage.
You constrict the cane toad. You hit the cane toad but do no damage.
You constrict the cane toad. You block the cane toad's attack.
You hit the cane toad but do no damage.
You constrict the cane toad, but do no damage.
You block the cane toad's attack.
You hit the cane toad but do no damage.
Lightning courses through the cane toad!!
You constrict the cane toad. You hit the cane toad.
You constrict the cane toad, but do no damage.
The cane toad stings you!
You take 12 damage, and have 30/63 hp.
You hit the cane toad but do no damage. You squeeze the cane toad.
You constrict the cane toad. The cane toad stings you!!
* * * LOW HITPOINT WARNING * * *
You take 19 damage, and have 11/63 hp.
MASSIVE DAMAGE!!
You hit the cane toad. You constrict the cane toad. The cane toad stings you!
You die...
Your body crumbles into a pile of gold.

...........##
#.......##.#.###.##
#...... ##.#.###.P#
#.....F #.....#..##
#...... #........#
+...... #.....##.#
....... ####..##.#
.......####.#....#
.......$@........#
.......F.........#
###.########.##P##
# ### ##


You could see a cane toad.

Vanquished Creatures
  A manticore (D:8)
  A cane toad (Lair:1)
  A wyvern (D:8)
  Eustachio (D:6)
  A water moccasin (Lair:1)
  A sky beast (D:5)
  2 orc warriors (D:8)
  5 black bears
  An ogre (D:5)
  A centaur (D:8)
  2 phantoms
  2 kobold brigands (D:7)
  Blork the orc (D:6)
  3 bullfrogs (D:8)
  4 scorpions
  3 wights
  An oklob sapling (D:6)
  5 howler monkeys
  2 jellies
  2 orc priests
  A hound (D:4)
  6 iguanas
  4 orc wizards
  8 mummies (Ossuary)
  4 gnolls (D:5)
  5 adders
  A white imp (D:5)
  An ufetubus (D:5)
  2 dart slugs
  A worm (D:3)
  27 orcs
  8 ball pythons
  7 bats
  9 endoplasms
  5 giant cockroaches
  11 goblins
  9 hobgoblins
  4 jackals (D:3)
  3 quokkas
  A frilled lizard (D:3)
  3 hobgoblin zombies (Ossuary)
  21 kobolds
  3 kobold zombies (Ossuary)
  2 orc zombies (Ossuary)
  4 rats
190 creatures vanquished.

Vanquished Creatures (others)
  20 fungi (D:8)
  17 plants
37 creatures vanquished.

Grand Total: 227 creatures vanquished

Notes
Turn   | Place    | Note
-------+----------+-------------------------------------------
     0 | D:5      | sokol815 the Octopode Delver began the quest for the Orb.
     0 | D:5      | Reached XP level 1. HP: 16/16 MP: 1/1
     5 | D:5      | Found Fipef's Weapon Emporium.
   104 | D:5      | Noticed a jelly
   152 | D:4      | Reached skill level 7 in Stealth
   152 | D:4      | Reached XP level 2. HP: 15/21 MP: 2/2
   331 | D:4      | Reached XP level 3. HP: 17/26 MP: 3/3
   354 | D:4      | Reached skill level 8 in Stealth
   354 | D:4      | Reached XP level 4. HP: 12/31 MP: 4/4
   697 | D:4      | Reached skill level 3 in Short Blades
  1445 | D:1      | Found a faded altar of an unknown god.
  1692 | D:1      | Reached XP level 5. HP: 35/36 MP: 5/5
  2615 | D:3      | You fall into a shaft and drop 2 floors!
  2630 | D:4      | Reached skill level 9 in Stealth
  2861 | D:4      | Learned a level 3 spell: Stone Arrow
  2978 | D:4      | HP: 3/36 [scorpion (8)]
  2985 | D:4      | HP: 9/36 [poisoned by a scorpion]
  3333 | D:4      | Reached skill level 1 in Conjurations
  3333 | D:4      | Reached skill level 1 in Earth Magic
  3333 | D:4      | Reached XP level 6. HP: 25/42 MP: 6/6
  3737 | D:3      | Found a sacrificial altar of Ru.
  3996 | D:3      | Found Sushre's Weapon Emporium.
  4067 | D:3      | Noticed a black bear
  4886 | D:5      | Found Xetoxeoli's Antique Armour Emporium.
  4908 | D:5      | Noticed a sky beast
  4992 | D:5      | Noticed a sky beast
  5063 | D:5      | Reached skill level 4 in Short Blades
  5065 | D:5      | Reached XP level 7. HP: 32/46 MP: 7/7
  5073 | D:5      | Reached skill level 10 in Stealth
  5334 | D:5      | Reached skill level 2 in Conjurations
  5334 | D:5      | Reached skill level 2 in Earth Magic
  5724 | D:5      | Found Guoraifu's General Store.
  5852 | D:6      | Found a snail-covered altar of Cheibriados.
  6140 | D:6      | Noticed Blork the orc
  6196 | D:6      | Found a staircase to the Ecumenical Temple.
  6400 | Temple   | Entered the Ecumenical Temple
  6415 | Temple   | Became a worshipper of Gozag Ym Sagoz the Greedy
  6816 | D:6      | Noticed Eustachio
  6820 | D:6      | Killed Eustachio
  6821 | D:6      | Reached skill level 11 in Stealth
  6821 | D:6      | Reached skill level 3 in Conjurations
  6821 | D:6      | Reached skill level 3 in Earth Magic
  6821 | D:6      | Reached XP level 8. HP: 52/52 MP: 8/8
  6921 | D:6      | Killed Blork the orc
  6939 | D:7      | Reached skill level 5 in Short Blades
  7532 | D:7      | Found a hide-covered altar of Uskayaw.
  8208 | D:7      | Reached skill level 12 in Stealth
  8429 | D:8      | Found a sand-covered staircase.
  8442 | Ossuary  | Entered an ossuary
  8483 | Ossuary  | Reached skill level 4 in Conjurations
  8483 | Ossuary  | Reached skill level 4 in Earth Magic
  8921 | D:8      | Noticed a wyvern
  8940 | D:8      | Killed a wyvern
  8941 | D:8      | Reached XP level 9. HP: 17/56 MP: 9/9
  8942 | D:8      | Reached skill level 6 in Short Blades
  8943 | D:8      | HP: 11/56 [wight/+0 mace (7)]
  9297 | D:8      | Noticed a two-headed ogre
  9312 | D:8      | Reached skill level 5 in Conjurations
  9312 | D:8      | Reached skill level 5 in Earth Magic
 10182 | D:5      | Found Untolurora's Distillery.
 10679 | D:8      | Noticed a manticore
 10690 | D:8      | HP: 7/56 [manticore (14)]
 10693 | D:8      | Killed a manticore
 10694 | D:8      | Reached skill level 7 in Short Blades
 10694 | D:8      | Reached skill level 6 in Conjurations
 10694 | D:8      | Reached skill level 6 in Earth Magic
 11103 | D:8      | Reached XP level 10. HP: 57/63 MP: 10/10
 11275 | D:8      | Found a staircase to the Lair.
 11433 | Lair:1   | Entered Level 1 of the Lair of Beasts
 11433 | Lair:1   | Noticed a cane toad
 11436 | Lair:1   | Killed a cane toad
 11454 | Lair:1   | Noticed a cane toad
 11472 | Lair:1   | HP: 11/63 [cane toad (19)]
 11473 | Lair:1   | Slain by a cane toad

Illustrated notes

Levels and vault maps discovered:
D:1:      psy_arrival_fountain, layout_loops_ring,
          dreamdust_ecumenical_altar_hidden_monk_grotto, minmay_ruptured
D:2:      layout_rooms, minivault_11, minmay_strange_pillars
D:3:      layout_loops_corners, nicolae_ru_path_of_blood, serial_shops, shop
D:4:      layout_loops_cross
D:5:      layout_gridville, serial_shops, shop, shop, nicolae_shop_waterfront,
          shop
D:6:      layout_basic, nicolae_overflow_crystal_walls,
          minmay_temple_entry_oklob, uniq_eustachio, uniq_blork_the_orc
D:7:      layout_layer_cave, mainiacjoe_overflow_cross_hatched
D:8:      layout_rooms, grunt_lair_entry_orc_guard_hut,
          nicolae_ossuary_entry_ruins
Temple:   eino_narrow_crystal_temple
Lair:1:   beast_lair_carwin_large_1, layout_regular_city,
          nicolae_lair_grove_arrangements, st_stairs_12, uniq_joseph

Skill      XL: |  1  2  3  4  5  6  7  8  9 |
---------------+----------------------------+-----
Stealth        | 7 8 9 11 12 | 12.0
Short Blades   | 3 4 5 7 |  7.8
Conjurations   | 1 3 4 6 |  6.9
Earth Magic    | 1 3 4 6 |  6.9
Fighting       | |  3.0
Dodging        | |  2.0

Action                   |  1- 3 |  4- 6 |  7- 9 | 10-12 || total
-------------------------+-------+-------+-------+-------++-------
Melee: Short sword       |    21 |   124 |       |       ||   145
       Tentacles         |     8 |    35 |    58 |     9 ||   110
       Constrict         |     6 |    46 |    45 |     3 ||   100
       Punch             |     1 |     2 |     3 |       ||     6
       Dagger            |       |    67 |   234 |    36 ||   337
 Fire: Shortbow          |       |       |       |     3 ||     3
Throw: Boomerang         |     1 |     4 |     9 |       ||    14
 Cast: Stone Arrow       |       |       |     3 |       ||     3
Invok: Potion Petition   |       |       |     1 |       ||     1
  Use: Scroll            |       |    10 |     6 |     2 ||    18
       Potion            |       |     3 |     4 |       ||     7
 Stab: Sleeping          |       |    30 |    13 |     1 ||    44
       Distracted        |       |     2 |     1 |       ||     3
Armor: Skin              |     1 |     5 |     1 |     1 ||     8
Dodge: Dodged            |    13 |    81 |    87 |    17 ||   198
Block: Other             |       |    14 |    39 |     8 ||    61
       Reflection        |       |       |     4 |       ||     4

Table legend: (Time is in decaauts)
 A = Elapsed time spent in this place.
 B = Non-inter-level travel time spent in this place.
 C = Inter-level travel time spent in this place.
 D = Time resting spent in this place.
 E = Time spent auto-exploring this place.
 F = Levels seen in this place.
 G = Mean time per level.
                   A        B        C        D        E       F      G
               +--------+--------+--------+--------+--------+-----+--------+
         Total |  11364 |  10676 |    688 |   3233 |   5015 |  11 | 1033.1 |
       Dungeon |  10898 |  10225 |    673 |   3078 |   4909 |   8 | 1362.2 |
        Temple |     30 |     15 |     15 |      0 |      6 |   1 |   30.0 |
          Lair |     32 |     32 |      0 |      0 |     11 |   1 |   32.0 |
       Ossuary |    401 |    401 |      0 |    155 |     89 |   1 |  401.0 |
               +--------+--------+--------+--------+--------+-----+--------+

Top non-repeatable levels by time:
     D:7: 2202 daAuts
     D:4: 1900 daAuts
     D:3: 1370 daAuts
     D:5: 1348 daAuts
     D:6: 1235 daAuts
     D:8: 1105 daAuts
     D:1: 944 daAuts
     D:2: 792 daAuts
 Ossuary: 401 daAuts
  Lair:1: 32 daAuts
  Temple: 30 daAuts

Table legend:
 A = Kills in this place as a percentage of kills in entire the game.
 B = Kills by you in this place as a percentage of kills by you in the entire game.
 C = Kills by friends in this place as a percentage of kills by friends in the entire game.
 D = Other kills in this place as a percentage of other kills in the entire game.
 E = Experience gained in this place as a percentage of experience gained in the entire game.
 F = Experience gained in this place divided by the number of levels of this place that you have seen.
                   A       B       C       D       E      F
               +-------+-------+-------+-------+-------+----------------------
         Total | 100.0 | 100.0 |   N/A |   N/A | 100.0 | 499.9
       Dungeon |  90.5 |  90.5 |   N/A |   N/A |  87.2 | 599.4
          Lair |   1.1 |   1.1 |   N/A |   N/A |  10.1 | 556.0
       Ossuary |   8.4 |   8.4 |   N/A |   N/A |   2.7 | 148.0
               +-------+-------+-------+-------+-------+----------------------
